 Dungeon Crawl Stone Soup version 0.27.1-33-g824d729ab1 (webtiles) character file.

Game seed: 11129101331796074943

21 DemonSlayer the Skirmisher (level 2, 0/24 HPs)
             Began as a Demonspawn Berserker on Dec 4, 2021.
             Was a Follower of Trog.
             Slain by a ball python (2 damage)
             ... on level 2 of the Dungeon.
             The game lasted 00:02:19 (1645 turns).

DemonSlayer the Skirmisher (Demonspawn Berserker)   Turns: 1645, Time: 00:02:20

Health: 0/24       AC:  0    Str: 17    XL:     2   Next: 65%
Magic:  2/2        EV: 12    Int:  8    God:    Trog [*.....]
Gold:   1          SH:  0    Dex: 12    Spells: 1/1 levels left

rFire    . . .     SeeInvis .   (no weapon)
rCold    . . .     Faith    .   (no shield)
rNeg     . . .     Spirit   .   (no armour)
rPois    .         Reflect  .   (no helmet)
rElec    .         Harm     .   (no cloak)
rCorr    .         Rampage  .   (no gloves)
Will     .....                  (no boots)
Stlth    +.........             (no amulet)
HPRegen  0.08/turn              (no ring)
MPRegen  0.16/turn              (no ring)

@: no status effects
A: magic regeneration
a: Renounce Religion, Berserk


You were on level 2 of the Dungeon.
You worshipped Trog.
Trog was aware of your devotion.
You visited 1 branch of the dungeon, and saw 2 of its levels.

You collected 1 gold pieces.

Inventory:

Scrolls
 b - a scroll of identify {unknown}
Potions
 a - a potion of berserk rage {unknown}
 d - 2 potions of heal wounds {unknown}


   Skills:
 + Level 3.4 Fighting
 + Level 3.2 Axes
 + Level 1.8 Armour
 + Level 1.8 Dodging
 + Level 0.2 Shields


You had one spell level left.
You didn't know any spells.
Your spell library was empty.

Dungeon Overview and Level Annotations

Branches:
Dungeon (2/15)

Altars:


Innate Abilities, Weirdness & Mutations

You regenerate magic rapidly.


Message History

Found a fuming white potion.
The kobold throws a stone.
The stone closely misses you.
The goblin moves out of view.
A kobold comes into view. It is wielding a +3 short sword.
The goblin shouts!
The kobold shouts!
The kobold barely misses you.
A ball python comes into view.
The kobold closely misses you.
The kobold hits you with a +0 short sword.
You hit the kobold.
You kill the kobold!
Trog accepts your kill.
You hit the kobold.
The kobold is severely wounded.
The kobold closely misses you.
You hit the kobold.
You kill the kobold!
Trog accepts your kill.
You closely miss the goblin. The goblin hits you with a +0 club.
The ball python bites you.
* * * LOW HITPOINT WARNING * * *
The ball python closely misses you.
You are too injured to fight recklessly!
You are too injured to fight recklessly!
You are too injured to fight recklessly!
You are too injured to fight recklessly!
You barely miss the ball python. The goblin barely misses you.
The ball python bites you.
* * * LOW HITPOINT WARNING * * *
The ball python closely misses you.
You closely miss the ball python. The ball python bites you.
* * * LOW HITPOINT WARNING * * *
The ball python closely misses you. The goblin hits you with a +0 club.
* * * LOW HITPOINT WARNING * * *
You hit the ball python but do no damage.
The ball python barely misses you. The ball python closely misses you.
The goblin closely misses you.
You hit the ball python.
The ball python is heavily wounded.
The ball python bites you.
You die...

## .## #. ....
#. ..# #. ...#
#. ##... # #.
...# #.
#.#g#.#
#..###.@S..# #
#!....)....#.#
##...........#
#####.....####
#.<.......
##..######
#.## #.# ...


You could see a goblin and a ball python.

Vanquished Creatures
  4 ball pythons (D:1)
  A bat (D:1)
  3 endoplasms (D:1)
  A giant cockroach (D:1)
  4 hobgoblins (D:1)
  2 frilled lizards (D:1)
  3 kobolds
  3 rats (D:1)
21 creatures vanquished.

Notes
Turn   | Place    | Note
-------+----------+-------------------------------------------
     0 | D:1      | DemonSlayer the Demonspawn Berserker began the quest for
                  | the Orb.
     0 | D:1      | Reached XP level 1. HP: 18/18 MP: 1/1
   527 | D:1      | Gained mutation: You regenerate magic rapidly. [demonic
                  | ancestry]
   527 | D:1      | Reached XP level 2. HP: 24/24 MP: 2/2
  1645 | D:2      | Slain by a ball python

Illustrated notes

Levels and vault maps discovered:
D:1:      dpeg_arrival_arbitrary_b, layout_basic, ebering_ecumenical_altar_box,
          palyth_stone_intersect, minmay_pentomino_r4
D:2:      layout_loops_ring, kennysheep_generic_room_16

Skill      XL: |  1 |
---------------+----+-----
Axes           | 3 |  3.2
Fighting       | |  3.4
Armour         | |  1.8
Dodging        | |  1.8
Shields        | |  0.2

Action                   || total
-------------------------++-------
Melee: Hand axe          ||    43
       Unarmed           ||    13
Invok: Berserk           ||     3
  Use: Scroll            ||     4
Armor: Leather armour    ||    13
Dodge: Dodged            ||    47
Block: Other             ||    11
